 Dungeon Crawl Stone Soup version 0.28.0 (webtiles) character file.

Game seed: 14333631338678627959

3588 croobank the Skirmisher (level 9, -5/78 HPs)
             Began as a Green Draconian Transmuter on Feb 16, 2022.
             Was an Initiate of Hepliaklqana.
             Slain by an orc warrior (6 damage)
             ... on level 8 of the Dungeon.
             The game lasted 00:37:56 (9348 turns).

croobank the Skirmisher (DrTm)                      Turns: 9348, Time: 00:37:58

Health: -5/78      AC: 10    Str: 20    XL:     9   Next: 85%
Magic:  16/17      EV: 13    Int: 23    God:    Hepliaklqana [......]
Gold:   365        SH:  0    Dex: 11    Spells: 13/19 levels left

rFire   . . .      SeeInvis .   a - +1 short sword (drain)
rCold   . . .      Faith    .   (no shield)
rNeg    . . .      Spirit   .   (armour unavailable)
rPois   +          Reflect  .   (helmet currently unavailable)
rElec   .          Harm     .   t - +2 cloak
rCorr   .          Rampage  .   (no gloves)
Will    .....                   (boots currently unavailable)
Stlth   +.........              (no amulet)
HPRegen 0.23/turn               j - +6 ring of strength
MPRegen 0.15/turn               l - +6 ring of intelligence

@: about to teleport, short of breath, appendages, wereblooded, studying
Evocations
A: horns 2, talons 2, breathe noxious fumes, AC +7, unfitting armour, poison
resistance, cold-blooded
a: Breathe Noxious Fumes, End Transformation, Renounce Religion


You were on level 8 of the Dungeon.
You worshipped Hepliaklqana.
Hepliaklqana was noncommittal.
You had temporarily grown beastly horns and talons.
You visited 2 branches of the dungeon, and saw 9 of its levels.

You collected 365 gold pieces.

Inventory:

Hand Weapons
 a - a +1 short sword of draining (weapon)
 n - a +2 dagger of venom
 u - a +5 long sword of freezing
 x - a +2 whip of electrocution
 A - a +2 rapier of venom
 C - a +0 vorpal war axe
 D - a +4 whip
 E - a +2 vampiric spear
 G - a +2 morningstar of protection
 I - a +0 great sword
Missiles
 b - 214 stones
 g - 49 sling bullets
 h - 71 arrows
 o - 11 poisoned darts (quivered)
 w - 49 bolts
Armour
 d - a scarf of shadows
 t - a +2 cloak (worn)
Jewellery
 i - a ring of see invisible
 j - a +6 ring of strength (left hand)
 l - a +6 ring of intelligence (right hand)
 F - a ring of positive energy
Scrolls
 c - 3 scrolls of blinking
 f - 2 scrolls of magic mapping
 m - a scroll of teleportation
 v - a scroll of fog {unknown}
 y - 2 scrolls of immolation
 H - a scroll of vulnerability {unknown}
Potions
 e - a potion of mutation {unknown}
 k - a potion of berserk rage {unknown}
 p - a potion of resistance
 q - a potion of lignification {unknown}
 r - 4 potions of curing
 s - a potion of cancellation
 z - 3 potions of flight
 B - a potion of brilliance


   Skills:
 + Level 6.4 Fighting
 + Level 3.5 Long Blades
 + Level 5.4 Dodging
 - Level 5.1 Unarmed Combat
 + Level 5.6 Spellcasting
 + Level 3.5 Conjurations
 - Level 4.7 Transmutations
 + Level 3.8 Fire Magic
 - Level 4.5 Poison Magic


You had 13 spell levels left.
You knew the following spells:

 Your Spells              Type           Power      Damage    Failure   Level
a - Beastly Appendage     Tmut           56%        N/A       1%          1
b - Wereblood             Tmut           28%        N/A       1%          2
c - Spider Form           Tmut/Pois      28%        N/A       3%          3

Your spell library contained the following spells:

 Spells                   Type           Power      Damage    Failure   Level
 Static Discharge         Conj/Air       14%        N/A       6%          2
 Flame Wave               Conj/Fire      23%        2d7       19%         4
 Frozen Ramparts          Ice            12%        1d3       26%         3
 Ice Form                 Ice/Tmut       17%        N/A       32%         4
 Summon Ice Beast         Ice/Summ       6%         N/A       65%         4
 Summon Cactus Giant      Summ           3%         N/A       100%        6
 Malign Gateway           Summ/Tloc      3%         N/A       100%        7


Dungeon Overview and Level Annotations

Branches:
Dungeon (8/15)             Temple (1/1) D:6
   Lair: D:8-11

Altars:
Cheibriados
Dithmenos
Elyvilon
Fedhas
Gozag
Hepliaklqana
Kikubaaqudgha
Makhleb
Nemelex Xobeh
Okawaru
Qazlal
Ru
Sif Muna
Trog
Uskayaw
Wu Jian
Xom
Yredelemnul
Zin
The Shining One

Annotations:
D:3 2 transporters


Innate Abilities, Weirdness & Mutations

You have temporarily grown beastly horns and talons.
You can breathe blasts of noxious fumes.
Your lurid green scales are hard. (AC +7)
You cannot fit into any form of body armour.
Your system is resistant to poisons. (rPois)
You are cold-blooded and may be slowed by cold attacks.


Message History

The two-headed ogre is lightly wounded.
You howl as the wereblood boils in your veins!
You hear a shout!
You hear an angry buzzing noise.
The killer bee is engulfed in noxious fumes.
The killer bee appears confused.
The two-headed ogre is engulfed in noxious fumes.
The orc warrior closely misses you.
The orc is engulfed in noxious fumes.
The orc appears confused.
The killer bee is engulfed in noxious fumes.
The killer bee appears confused.
You hit the killer bee. You drain the killer bee.
You feel a bit better.
You kill the killer bee!
The two-headed ogre is engulfed in noxious fumes.
The orc warrior hits you with a +0 battleaxe!
The orc barely misses the two-headed ogre.
The killer bee is engulfed in noxious fumes.
The killer bee appears confused.
As you read the scroll of teleportation, it crumbles to dust.
You feel strangely unstable.
The two-headed ogre is engulfed in noxious fumes.
The orc warrior misses you.
You puncture the orc warrior! You claw the orc warrior!
You tail-slap the orc warrior, but do no damage.
The orc warrior is severely wounded.
The orc is engulfed in noxious fumes.
The orc appears confused.
The orc warrior barely misses you.
You hit the orc warrior but do no damage.
You drain the orc warrior.
The orc warrior is almost dead.
The orc warrior hits you with a +0 battleaxe.
* * * LOW HITPOINT WARNING * * *
The orc hits the two-headed ogre with a +0 dagger.
You closely miss the orc warrior.
The orc warrior is almost dead.
You howl as the wereblood boils in your veins!
The two-headed ogre hits you with a +0 giant club!!
* * * LOW HITPOINT WARNING * * *
The two-headed ogre misses you.
The orc warrior hits you with a +0 battleaxe.
You die...

##...##...
#...##....
##...#o....
####....o.....
#..#....##....
###.......##....
####.#.............
##.##.o.............
#))@O.°y....).......
#..o#.##............
#####..##...........
....#...o.......
#..#.............
####.....#......
#....#..... #.....
...


You could see a two-headed ogre, an orc warrior (drained), a killer bee
(confused) and an orc.

Vanquished Creatures
  Pikel (D:4)
  A troll (D:5)
  Eustachio (D:4)
  Duvessa (D:7)
  A sky beast (D:5)
  A black bear (D:6)
  2 ice beasts
  3 orc warriors
  3 necrophages
  A lemure (D:4)
  2 phantoms
  A bullfrog (D:8)
  A gnoll sergeant (D:6)
  A wyvern skeleton (D:7)
  A water moccasin skeleton (D:6)
  Dowan (D:7)
  4 killer bees (D:8)
  A howler monkey (D:8)
  7 wights
  3 hounds
  3 orc priests
  A bullfrog skeleton (D:5)
  5 iguanas
  7 orc wizards
  A killer bee zombie (D:6)
  A hound zombie (D:5)
  Robin (D:3)
  5 gnolls
  10 adders
  2 adder skeletons (D:4)
  A worm (D:3)
  18 orcs
  4 bats
  9 endoplasms
  2 giant cockroaches (D:2)
  13 goblins
  11 hobgoblins
  8 jackals
  6 kobolds
  4 quokkas (D:1)
  10 ball pythons
  A frilled lizard (D:1)
  6 rats (D:1)
166 creatures vanquished.

Vanquished Creatures (collateral kills)
  An orc (D:8)
1 creature vanquished.

Grand Total: 167 creatures vanquished

Notes
Turn   | Place    | Note
-------+----------+-------------------------------------------
     0 | D:1      | croobank the Draconian Transmuter began the quest for the
                  | Orb.
     0 | D:1      | Reached XP level 1. HP: 16/16 MP: 3/3
   147 | D:1      | Reached XP level 2. HP: 16/23 MP: 3/5
   150 | D:1      | Learned a level 2 spell: Wereblood
   294 | D:1      | Found a faded altar of an unknown god.
   604 | D:1      | Reached XP level 3. HP: 29/29 MP: 4/6
   608 | D:1      | Learned a level 3 spell: Spider Form
  1624 | D:2      | Reached skill level 2 in Fighting
  1747 | D:3      | Noticed Robin
  1850 | D:2      | Found a basalt altar of Yredelemnul.
  1937 | D:2      | Reached skill level 1 in Poison Magic
  1937 | D:2      | Reached XP level 4. HP: 20/36 MP: 5/7
  2718 | D:3      | Reached XP level 5. HP: 39/42 MP: 4/8
  2749 | D:3      | Found a transporter.
  2772 | D:3      | Found a transporter.
  2937 | D:3      | Killed Robin
  3334 | D:3      | Got the Catalogue of Damaging Companions
  3890 | D:4      | Reached skill level 3 in Fighting
  3890 | D:4      | Reached XP level 6. HP: 29/51 MP: 7/10
  4288 | D:4      | Noticed Pikel
  4296 | D:4      | Killed Pikel
  4297 | D:4      | Reached skill level 4 in Fighting
  4297 | D:4      | Your scales start taking on a lurid green colour.
  4297 | D:4      | Reached XP level 7. HP: 32/59 MP: 8/12
  4297 | D:4      | Gained mutation: Your system is resistant to poisons.
                  | (rPois) [Green Draconian growth]
  4609 | D:4      | Noticed Eustachio
  4625 | D:4      | Killed Eustachio
  5048 | D:5      | Entered Level 5 of the Dungeon
  5172 | D:5      | Noticed a troll
  5200 | D:5      | Reached XP level 8. HP: 39/67 MP: 11/14
  5866 | D:5      | Killed a troll
  5867 | D:5      | Reached skill level 5 in Unarmed Combat
  6076 | D:5      | Reached skill level 1 in Fire Magic
  6083 | D:5      | Reached skill level 5 in Fighting
  6410 | D:6      | Reached skill level 1 in Long Blades
  6410 | D:6      | Reached skill level 1 in Conjurations
  6561 | D:6      | Reached XP level 9. HP: 58/74 MP: 16/16
  6810 | D:6      | Reached skill level 5 in Spellcasting
  7044 | D:6      | Found a staircase to the Ecumenical Temple.
  7062 | Temple   | Entered the Ecumenical Temple
  7094 | Temple   | Became a worshipper of Hepliaklqana the Forgotten
  7419 | D:7      | Found a sacrificial altar of Ru.
  7419 | D:7      | Found an opulent altar of Gozag.
  7599 | D:7      | Noticed Dowan
  7601 | D:7      | Noticed Duvessa
  7605 | D:7      | Killed Dowan
  7615 | D:7      | Killed Duvessa
  7616 | D:7      | Reached skill level 5 in Dodging
  7735 | D:6      | Noticed a rust devil
  7735 | D:6      | Noticed a rust devil
  8036 | D:7      | Reached skill level 6 in Fighting
  8333 | D:7      | Noticed a gargoyle
  9340 | D:8      | Noticed a two-headed ogre
  9348 | D:8      | HP: 1/78 [two-headed ogre (22)]
  9348 | D:8      | Slain by an orc warrior

Illustrated notes

Levels and vault maps discovered:
D:1:      heliophobic_arrival_henge, layout_basic,
          ebering_ecumenical_altar_sacrificial
D:2:      layout_loops_cross, basic_altar, kennysheep_nub
D:3:      gammafunk_steamed_eel, layout_basic, corexii_shack,
          minmay_diced_spiral, uniq_robin
D:4:      layout_loops_ring, nrook_loot_triangle, uniq_pikel, uniq_eustachio
D:5:      layout_rooms, serial_glass, glass_columns_a, glass_columns_a
D:6:      cheibrodos_iron_armory, layout_cave_pools, temple_hall
D:7:      cheibrodos_statue_roulette, layout_loops_ring,
          gammafunk_temple_overflow_wave, uniq_duvessa
D:8:      layout_cave_pools, mainiacjoe_overflow_alcove_1
Temple:   compressed_dpeg_circular_temple

Skill      XL: |  1  2  3  4  5  6  7  8  9 |
---------------+----------------------------+-----
Dodging        | 2 3 4 5 |  5.4
Fighting       | 2 3 4 5 6 |  6.4
Poison Magic   | 1 3 4 |  4.5
Transmutations | 3 4 |  4.7
Spellcasting   | 3 4 5 |  5.6
Unarmed Combat | 4 5 |  5.1
Fire Magic     | 2 3 |  3.8
Long Blades    | 1 3 |  3.5
Conjurations   | 1 3 |  3.5

Action                   |  1- 3 |  4- 6 |  7- 9 || total
-------------------------+-------+-------+-------++-------
Melee: Unarmed           |    20 |     1 |       ||    21
       Kick              |    22 |    20 |    60 ||   102
       Headbutt          |    13 |    13 |    28 ||    54
       Tailslap          |     9 |    12 |    35 ||    56
       Whip              |   101 |     9 |    86 ||   196
       Hand axe          |       |   109 |       ||   109
       Punch             |       |       |     6 ||     6
       Long sword        |       |       |   179 ||   179
       Short sword       |       |       |    17 ||    17
Throw: Dart              |       |       |     5 ||     5
 Cast: Beastly Appendage |    22 |    19 |    29 ||    70
       Wereblood         |     3 |     7 |    11 ||    21
       Spider Form       |       |     1 |       ||     1
 Abil: Breathe Noxious F |       |       |    15 ||    15
  Use: Scroll            |       |     5 |    14 ||    19
       Potion            |       |     1 |     2 ||     3
 Stab: Confused          |       |       |     4 ||     4
Armor: Skin              |    44 |    42 |   103 ||   189
Dodge: Dodged            |    83 |    90 |   227 ||   400
